 Dungeon Crawl Stone Soup version 0.26.1-11-gd32895ea62 (webtiles) character file.

Game seed: 2776354140467960191

102677 Almogavar the Slayer (level 15, -6/154 (158) HPs)
             Began as a Minotaur Berserker on May 30, 2021.
             Was a High Priest of Trog.
             Killed by the raging water
             ... invoked by a water nymph
              (20 damage)
             ... on level 1 of the Shoals.
             The game lasted 01:38:12 (28184 turns).

Almogavar the Slayer (Minotaur Berserker)          Turns: 28184, Time: 01:38:13

HP:   -6/154 (158)  AC: 25    Str: 30    XL:     15   Next: 86%
MP:   23/23         EV: 16    Int:  4    God:    Trog [*****.]
Gold: 444           SH:  6    Dex: 15    Spells: 14/14 levels left

rFire    . . .     SeeInvis +   V - +8 scimitar of Focus {freeze, rElec rPois Dex+4 Stlth+}
rCold    . . .     Faith    .   U - +0 buckler
rNeg     . . .     Spirit   .   X - +3 chain mail {rPois}
rPois    +         Reflect  .   A - +0 hat
rElec    +         Harm     .   b - +1 cloak
rCorr    .         Rampage  .   Z - +2 pair of gloves {Str+3}
Will     ++++.                  Y - +1 pair of boots
Stlth    ..........             C - amulet of regeneration
HPRegen  1.75/turn              T - ring of Duijo Imou {+Inv Will+ Slay+4}
MPRegen  0.18/turn              L - ring "Odut" {MP+9 SInv}

@: mesmerised, regenerating, studying 2 skills, lightly drained, very slow
A: retaliatory headbutt, horns 2
a: Renounce Religion, Evoke Invisibility, Berserk, Trog's Hand, Brothers in Arms


You were on level 1 of the Shoals.
You worshipped Trog.
Trog was extremely pleased with you.
You visited 4 branches of the dungeon, and saw 24 of its levels.
You visited 2 bazaars.
You also visited: Ossuary and Gauntlet.

You collected 3900 gold pieces.
You spent 3456 gold pieces at shops.

Inventory:

Hand Weapons
 s - a +5 hand crossbow of flaming
 J - a +4 scimitar of flaming
 V - the +8 scimitar of Focus (weapon) {freeze, rElec rPois Dex+4 Stlth+}
   (You found it on level 1 of the Orcish Mines)

   It has been specially enchanted to freeze those struck by it, causing extra
   injury to most foes and up to half again as much damage against particularly
   susceptible opponents.
   It can also slow down cold-blooded creatures.
   It affects your dexterity (+4).
   It insulates you from electricity.
   It protects you from poison.
   It makes you more stealthy.
Missiles
 m - 179 bolts
Armour
 b - a +1 cloak (worn)
 A - a +0 hat (worn)
 B - a +2 chain mail of cold resistance
 D - +0 fire dragon scales
 H - the +2 hat "Ohoca" {rF+ Will+ Int-4}
   (You found it in a Gauntlet)

   It affects your intelligence (-4).
   It protects you from fire.
   It affects your willpower, your defense against some magical effects.
 R - a +0 cloak of preservation
 U - a +0 buckler (worn)
 W - a +3 plate armour
 X - a +3 chain mail of poison resistance (worn)
 Y - a +1 pair of boots (worn)
 Z - a +2 pair of gloves of strength (worn)
Jewellery
 c - the ring of Getos {+Blink rN+ Str+2}
   (You bought it in a shop on level 1 of the Shoals)

   [ring of positive energy]

   It affects your strength (+2).
   It protects you from negative energy.
   It lets you blink.
 g - a +4 ring of protection
 j - an uncursed ring of stealth
 z - an uncursed ring of positive energy
 C - an amulet of regeneration (around neck)
 L - the ring "Odut" (right hand) {MP+9 SInv}
   (You found it in a Gauntlet)

   [ring of magical power]

   It affects your magic capacity (+9).
   It lets you see invisible.
 Q - an uncursed ring of protection from cold
 S - an uncursed ring of flight
 T - the ring of Duijo Imou (left hand) {+Inv Will+ Slay+4}
   (You found it on level 6 of the Lair of Beasts)

   [ring of slaying]

   It affects your accuracy and damage with ranged weapons and melee attacks
   (+4).
   It affects your willpower, your defense against some magical effects.
   It lets you turn invisible.
Wands
 a - a wand of paralysis (10)
 r - a wand of acid (27)
 G - a wand of random effects (26)
 I - a wand of enslavement (7)
 N - a wand of digging (14)
 P - a wand of iceblast (16)
Scrolls
 d - a scroll of blinking
 e - a scroll of silence
 k - 7 scrolls of remove curse
 o - a scroll of brand weapon
 q - 6 scrolls of fog
 u - 14 scrolls of teleportation
 x - 4 scrolls of magic mapping
 E - a scroll of fear
 F - 2 scrolls of summoning
 O - 2 scrolls of torment {unknown}
Potions
 f - 2 potions of might
 h - a potion of heal wounds
 i - 11 potions of curing
 l - 2 potions of resistance
 p - 9 potions of haste
 v - 2 potions of cancellation
 K - 2 potions of invisibility
Books
 w - a manual of Fighting
 y - a manual of Shields
Miscellaneous
 n - a condenser vane (inert)
 M - a phantom mirror


   Skills:
 + Level 21.5 Fighting
 - Level 14.4 Long Blades
 - Level 15.1 Armour
 + Level 11.0 Dodging
 + Level 7.4 Shields
 * Level 8.3 Evocations


You had 14 spell levels left.
You didn't know any spells.
Your spell library was empty.

Dungeon Overview and Level Annotations

Branches:
Dungeon (15/15)            Temple (0/1) D:4            Lair (6/6) D:8
 Shoals (1/4) Lair:2        Snake (0/4) Lair:3        Slime (0/5) Lair:5
    Orc (2/2) D:11            Elf (0/3) Orc:2        Vaults (0/5) D:14
 Depths (0/5) D:15        Ossuary (visited)         Gauntlet (visited)

Altars:
Cheibriados
Elyvilon
Makhleb
Okawaru
Ru
Trog
Vehumet
Wu Jian
Xom
Zin
Beogh

Shops:
Orc:2 [[([(   Shoals:1 =


Innate Abilities, Weirdness & Mutations

You reflexively headbutt those who attack you in melee.
You have a pair of horns on your head.


Message History

The merfolk aquamancer casts a spell at you.
The torrent of water misses you.
The wave splashes down.
The merfolk hits you but does no damage.
The water nymph casts a spell at you. The water swirls and strikes you!
* * * LOW HITPOINT WARNING * * *
The merfolk hits you from afar with a +0 trident!
* * * LOW HITPOINT WARNING * * *
You hear a shout!
You hear an angry hiss.
You hear a screech!
Unknown command.
You feel much better. The wind drake flaps its wings at you.
The air twists around and strikes you!
* * * LOW HITPOINT WARNING * * *
The merfolk aquamancer hits you but does no damage.
The merfolk siren chants its luring song.
The merfolk closely misses you. The water nymph casts a spell at you.
The water swirls and strikes you!!
You die...

......≈≈≈≈≈≈≈≈≈≈≈≈
......≈≈≈≈≈≈≈≈≈≈≈≈
.≈≈...≈ ≈≈≈≈≈≈≈≈≈≈
..##.......... .≈≈≈≈≈...
..#..≈≈≈.≈≈≈.# #.≈≈≈>.#
......≈≈≈≈≈≈)###.≈≈≈.#
#.>≈≈.≈≈≈≈≈≈≈(m.mkm≈.###
...≈≈≈≈≈≈≈≈≈≈≈≈.≈m≈≈.≈≈.#
.≈≈≈≈...≈≈≈≈≈...@m≈≈≈....
..≈.......≈≈≈..T.≈≈≈≈≈≈≈.
.................≈≈≈≈≈≈≈≈
..................≈≈≈≈≈≈≈
##.....≈≈.........≈.≈≈≈≈≈
#.....≈8.8.8.....≈≈≈≈≈≈≈
.#......≈⌠.⌠.....≈≈≈≈≈≈≈≈
....†...8.∩.8..≈≈≈≈≈≈≈≈≈≈
.........⌠.⌠(.....≈≈≈≈≈≈≈


You could see a merfolk aquamancer, a wind drake (repels missiles), 2 merfolk, a
merfolk siren (mesmerising), a water nymph and a friendly troll (summoned,
berserk).

Vanquished Creatures
  Rupert (D:12)
  A kraken (Shoals:1)
  Gastronok (Orc:1)
  2 orc warlords
  Azrael (D:15)
  Nessos (D:12)
  2 minotaurs
  Snorg (D:10)
  The ghost of NineInchNils the Cleaver, a journeyman VSBe of Trog (D:12)
  4 vault guards (D:14)
  2 rakshasas (D:15)
  3 boulder beetles
  2 catoblepae (Lair:5)
  A hydra (Lair:4)
  A merfolk avatar (Lair:6)
  2 centaur warriors
  2 tengu warriors (D:15)
  9 two-headed ogres
  An ogre mage (D:12)
  An orc high priest (Orc:1)
  A deep elf knight (D:11)
  Urug (D:10)
  Nergalle (D:12)
  6 skeletal warriors
  2 wizards
  2 sea snakes
  4 unseen horrors
  3 orc knights (Orc:2)
  A wolf spider zombie (D:15)
  5 deep elf magi
  3 ugly things
  4 oklob plants (Lair:4)
  A manticore (Lair:6)
  A faun (Shoals:1)
  2 cyclopes
  5 orc sorcerers
  Joseph (Lair:1)
  4 centaur zombies
  5 black mambas
  A black mamba (shapeshifter) (D:14)
  The ghost of boysha the Skirmisher, a novice DgIE (D:5)
  7 elephants
  11 cane toads
  Psyche (D:10)
  5 gargoyles
  7 komodo dragons
  2 efreet
  5 rime drakes
  7 polar bears
  6 trolls
  A tengu conjurer (D:15)
  A tyrant leech (Gauntlet)
  3 wind drakes
  4 hornets
  A merfolk (Shoals:1)
  5 dream sheep (Lair:6)
  8 blink frogs (Lair:1)
  8 slime creatures (D:15)
  2 snapping turtles
  10 flying skulls (Gauntlet)
  4 shadows
  A hog (shapeshifter) (D:15)
  2 vampires
  2 water elementals (Shoals:1)
  4 wraiths
  36 yaks
  3 wyverns
  A human (shapeshifter) (D:15)
  4 fire elementals (D:15)
  2 basilisks
  10 vampire mosquitoes (D:15)
  2 swamp worms (Gauntlet)
  3 wargs
  A soldier ant (D:13)
  19 water moccasins
  An acid dragon (shapeshifter) (D:15)
  3 hell hounds (D:15)
  6 ice beasts
  5 black bears
  2 sky beasts
  2 phantoms
  34 orc warriors
  2 eyes of draining
  15 ogres
  5 boggarts (D:15)
  3 centaurs
  4 big kobolds
  23 bullfrogs
  3 elf zombies (Ossuary)
  A water moccasin zombie (D:5)
  5 scorpions
  16 wights
  5 killer bees (D:9)
  An electric eel (Lair:1)
  10 howler monkeys
  5 jellies
  2 bullfrog zombies
  A quasit (D:10)
  6 centaur skeletons
  5 hounds
  27 orc priests
  3 bullfrog skeletons
  23 orc wizards
  Terence (D:3)
  3 iguanas
  6 hell rats (Lair:2)
  12 worker ants
  A killer bee zombie (D:7)
  3 big kobold zombies (Ossuary)
  A hound zombie (Ossuary)
  2 hound skeletons
  4 mummies (Ossuary)
  A howler monkey zombie (D:5)
  9 gnolls
  16 adders
  3 shadow imps
  6 white imps
  5 ufetubi
  5 oozes
  2 adder zombies
  2 adder skeletons
  A worm (D:2)
  4 dart slugs
  7 leopard geckos
  85 orcs
  5 ball pythons
  4 giant cockroaches
  6 goblins
  8 hobgoblins
  6 jackals (D:1)
  22 kobolds
  4 quokkas
  A ball python skeleton (D:4)
  9 bats
  6 frilled lizards
  A goblin zombie (Ossuary)
  A hobgoblin zombie (Ossuary)
  A kobold zombie (Ossuary)
  A leopard gecko skeleton (D:4)
  2 orc zombies (Ossuary)
  6 rats
  3 tentacles (Shoals:1)
764 creatures vanquished.

Vanquished Creatures (others)
  A centaur zombie (D:15)
  A bullfrog (D:13)
  A bush (Lair:4)
  3 demonic plants (Gauntlet)
  15 fungi
  50 plants
  3 tentacles (Shoals:1)
74 creatures vanquished.

Grand Total: 838 creatures vanquished

Notes
Turn   | Place    | Note
-------+----------+-------------------------------------------
     0 | D:1      | Almogavar the Minotaur Berserker began the quest for the
                  | Orb.
     0 | D:1      | Reached XP level 1. HP: 19/19 MP: 0/0
    80 | D:1      | Reached XP level 2. HP: 27/27 MP: 1/1
    81 | D:1      | Reached skill level 4 in Fighting
   300 | D:1      | Reached ** piety under Trog
   616 | D:2      | Reached XP level 3. HP: 33/34 MP: 2/2
  1052 | D:2      | Found a snail-covered altar of Cheibriados.
  1444 | D:2      | Reached XP level 4. HP: 41/41 MP: 3/3
  1751 | D:3      | Found a white marble altar of Elyvilon.
  1850 | D:3      | Found a glowing silver altar of Zin.
  1854 | D:3      | Noticed an angel
  1857 | D:3      | Found a shimmering altar of Xom.
  2138 | D:3      | Noticed Terence
  2141 | D:3      | Killed Terence
  2142 | D:3      | Reached skill level 5 in Long Blades
  2334 | D:4      | Reached skill level 5 in Fighting
  2334 | D:4      | Reached XP level 5. HP: 35/48 MP: 4/4
  2843 | D:4      | Reached XP level 6. HP: 45/56 MP: 5/5
  3040 | D:4      | Reached *** piety under Trog
  3044 | D:4      | Found an iron altar of Okawaru.
  3446 | D:4      | Reached XP level 7. HP: 61/62 MP: 6/6
  3454 | D:4      | Reached skill level 6 in Fighting
  3733 | D:4      | Found a staircase to the Ecumenical Temple.
  3867 | D:5      | Entered Level 5 of the Dungeon
  3881 | D:5      | Found a sand-covered staircase.
  3887 | Ossuary  | Entered an ossuary
  4613 | D:5      | Reached XP level 8. HP: 64/71 MP: 7/7
  4712 | D:5      | Found a runed translucent door.
  4738 | D:5      | You fall into a shaft and drop 1 floor!
  4738 | D:6      | Found a sacrificial altar of Ru.
  4738 | D:6      | Found a radiant altar of Vehumet.
  4742 | D:6      | Reached skill level 5 in Armour
  4743 | D:6      | Found an ornate altar of the Wu Jian Council.
  4744 | D:6      | Noticed a gargoyle
  4745 | D:6      | Found a snail-covered altar of Cheibriados.
  4746 | D:6      | Found a bloodstained altar of Trog.
  4753 | D:6      | Killed a gargoyle
  4754 | D:6      | Reached skill level 7 in Fighting
  4754 | D:6      | Reached skill level 5 in Dodging
  4852 | D:6      | Reached **** piety under Trog
  5603 | D:5      | Reached XP level 9. HP: 75/81 MP: 8/8
  6229 | D:5      | Reached skill level 8 in Fighting
  6605 | D:5      | Noticed boysha's ghost (novice DgIE)
  6620 | D:5      | Killed boysha's ghost
  6621 | D:5      | Reached skill level 10 in Long Blades
  8097 | D:6      | Reached skill level 9 in Fighting
  8899 | D:7      | Reached XP level 10. HP: 91/91 MP: 9/9
  9428 | D:8      | Found a staircase to the Lair.
 10098 | D:9      | Reached ***** piety under Trog
 10219 | D:9      | Reached skill level 10 in Fighting
 10737 | D:10     | Entered Level 10 of the Dungeon
 10758 | D:10     | Noticed Urug
 10781 | D:10     | Killed Urug
 10782 | D:10     | Reached skill level 10 in Armour
 10798 | D:10     | Noticed Psyche
 10801 | D:10     | Killed Psyche
 10852 | D:10     | Reached XP level 11. HP: 85/101 MP: 10/10
 10866 | D:10     | Received a gift from Trog
 11116 | D:10     | Noticed Snorg
 11160 | D:10     | Killed Snorg
 11320 | D:11     | Found a gate leading to a gauntlet.
 11329 | Gauntlet | Entered a Gauntlet
 11329 | Gauntlet | Found a transporter.
 11329 | Gauntlet | Found a transporter.
 11329 | Gauntlet | Found a transporter.
 11348 | Gauntlet | Found a transporter.
 11352 | Gauntlet | Found a transporter.
 11354 | Gauntlet | Noticed a great orb of eyes
 11366 | Gauntlet | Noticed a purple ugly thing
 11367 | Gauntlet | Noticed a cyan ugly thing
 11368 | Gauntlet | Found a transporter.
 11372 | Gauntlet | Found a transporter.
 11390 | Gauntlet | Found a transporter.
 11393 | Gauntlet | Noticed a death drake
 11393 | Gauntlet | a salamander changed into a death drake
 11412 | Gauntlet | Found a transporter.
 11430 | Gauntlet | Found a transporter.
 11434 | Gauntlet | Found a transporter.
 11446 | Gauntlet | Found a transporter.
 11573 | Gauntlet | Reached skill level 11 in Fighting
 11727 | Gauntlet | Got a steaming hat
 11733 | Gauntlet | Identified the +2 hat "Ohoca" {rF+ Will+ Int-4} (You found
                  | it in a Gauntlet)
 11733 | Gauntlet | Lost intelligence.
 11834 | Gauntlet | Noticed a shock serpent
 11891 | Gauntlet | Got a twitching brass ring
 11893 | Gauntlet | Identified the ring "Odut" {MP+9 SInv} (You found it in a
                  | Gauntlet)
 11984 | Gauntlet | Identified the +5 long sword of Jowaech {pain, Will+ Dex+5}
 11984 | Gauntlet | Identified the +9 shortbow "Jaoc Souka" {flame, rElec Str-3
                  | Int+4}
 11984 | Gauntlet | Noticed a minotaur
 11998 | Gauntlet | Killed a minotaur
 12349 | D:11     | Noticed an unseen horror
 12358 | D:11     | Killed an unseen horror
 12388 | D:11     | Found a staircase to the Orcish Mines.
 12781 | D:11     | Reached skill level 12 in Fighting
 12827 | D:11     | Found a burning altar of Makhleb.
 12827 | D:11     | Noticed a purple ugly thing
 12836 | D:11     | Killed a purple ugly thing
 12929 | Orc:1    | Entered Level 1 of the Orcish Mines
 12929 | Orc:1    | Noticed a deep elf mage
 12929 | Orc:1    | Noticed a deep elf mage
 12929 | Orc:1    | Noticed a deep elf knight
 12929 | Orc:1    | Noticed a deep elf mage
 12932 | Orc:1    | Killed a deep elf mage
 12934 | Orc:1    | Noticed a two-headed ogre
 12937 | Orc:1    | Reached XP level 12. HP: 91/112 MP: 11/11
 12937 | Orc:1    | Noticed an orc warlord
 13001 | Orc:1    | Noticed a two-headed ogre
 13047 | D:11     | HP: 4/113 [two-headed ogre/+0 giant club (8)]
 13206 | D:11     | Killed a two-headed ogre
 13207 | D:11     | Reached skill level 1 in Evocations
 13277 | Orc:1    | Noticed an orc high priest
 13283 | D:11     | Reached skill level 1 in Shields
 13455 | D:11     | Killed a two-headed ogre
 13843 | Orc:1    | Reached skill level 13 in Fighting
 13860 | D:11     | Killed an orc warlord
 14101 | Orc:1    | Killed an orc high priest
 14163 | Orc:1    | Got an ebony scimitar
 14164 | Orc:1    | Identified the +8 scimitar of Focus {freeze, rElec rPois
                  | Dex+4 Stlth+} (You found it on level 1 of the Orcish Mines)
 14291 | Orc:2    | Entered Level 2 of the Orcish Mines
 14332 | Orc:2    | Found a staircase to the Elven Halls.
 14605 | Orc:2    | Paralysed by an orc sorcerer for 7 turns
 14613 | Orc:2    | Paralysed by an orc sorcerer for 2 turns
 14671 | Orc:1    | Received a gift from Trog
 14790 | Orc:1    | Noticed Gastronok
 14807 | Orc:1    | Killed Gastronok
 14881 | Orc:2    | Found a roughly hewn altar of Beogh.
 14919 | Orc:2    | Reached skill level 14 in Fighting
 15425 | Orc:2    | Reached XP level 13. HP: 96/124 MP: 12/12
 15471 | Orc:2    | Noticed an orc warlord
 15486 | Orc:2    | Killed an orc warlord
 15540 | Orc:2    | Lost intelligence.
 15607 | Orc:2    | Found Zaiweur's Antique Armour Emporium.
 15608 | Orc:2    | Found a roughly hewn altar of Beogh.
 15609 | Orc:2    | Found Gesomyb's Antique Weapon Shoppe.
 15704 | Orc:2    | Found Gisuonif's Armour Shop.
 15718 | Orc:2    | Found a roughly hewn altar of Beogh.
 15774 | Orc:2    | Found Vobaythre's Weapon Boutique.
 15783 | Orc:2    | Bought a +0 pair of boots for 81 gold pieces
 15886 | Orc:2    | Found a roughly hewn altar of Beogh.
 15901 | Orc:2    | Found Keafisol's Armour Shoppe.
 15909 | Orc:2    | Bought a +1 pair of boots for 172 gold pieces
 15909 | Orc:2    | Bought a +0 pair of gloves of strength for 172 gold pieces
 16075 | Orc:1    | Found Tonwam's Jewellery Shop.
 16084 | Orc:1    | Received a gift from Trog
 16297 | Orc:2    | Found a roughly hewn altar of Beogh.
 16370 | Orc:2    | Found a roughly hewn altar of Beogh.
 16629 | Lair:1   | Entered Level 1 of the Lair of Beasts
 16758 | Lair:1   | Noticed Joseph
 16763 | Lair:1   | Killed Joseph
 16906 | Lair:1   | Reached skill level 15 in Fighting
 18247 | Lair:2   | Found a staircase to the Shoals.
 19215 | Lair:3   | Found a staircase to the Snake Pit.
 19777 | Lair:4   | Identified 2 scrolls of acquirement
 19787 | Lair:4   | Acquired 992 gold pieces
 19791 | Lair:4   | Acquired a manual of Shields
 20164 | Lair:4   | Reached skill level 10 in Dodging
 20727 | Lair:5   | Found a staircase to the Slime Pits.
 20844 | Lair:5   | Found a sacrificial altar of Ru.
 21209 | Lair:5   | Reached skill level 16 in Fighting
 21346 | Lair:5   | Reached XP level 14. HP: 137/137 MP: 13/13
 21828 | Lair:6   | Entered Level 6 of the Lair of Beasts
 21882 | Lair:6   | Reached skill level 5 in Evocations
 21961 | Lair:6   | Received a gift from Trog
 22134 | Lair:6   | Got a slimy lapis lazuli ring
 22136 | Lair:6   | Identified the ring of Duijo Imou {+Inv Will+ Slay+4} (You
                  | found it on level 6 of the Lair of Beasts)
 22905 | D:12     | Found a runed translucent gate.
 22905 | D:12     | Found a runed translucent gate.
 22905 | D:12     | Found a runed translucent gate.
 22907 | D:12     | Noticed NineInchNils's ghost (journeyman VSBe)
 22937 | D:12     | Reached skill level 17 in Fighting
 23272 | D:12     | Noticed Rupert
 23285 | D:12     | Killed Rupert
 23449 | D:12     | Reached skill level 15 in Armour
 23596 | D:12     | Noticed Nessos
 23605 | D:12     | Killed Nessos
 23787 | D:12     | Noticed Nergalle
 23790 | D:12     | Killed Nergalle
 23858 | D:12     | Killed NineInchNils's ghost
 24155 | D:13     | Reached skill level 18 in Fighting
 24270 | D:13     | Found a flickering gateway to a bazaar.
 24293 | Bazaar   | Entered a bazaar
 24304 | Bazaar   | Found Rofyryox's Assorted Antiques.
 24314 | Bazaar   | Found Etaunocw's Magic Scroll Shoppe.
 24325 | Bazaar   | Found Damikhuo's Antique Weapon Shop.
 24335 | Bazaar   | Found Wisarouph's Book Boutique.
 24352 | Bazaar   | Bought a polished great sword for 230 gold pieces
 24360 | Bazaar   | Identified the +6 great sword of Bemac {pain, rF++ Str+2
                  | Int+2 Stlth-} (You bought it in a shop in a bazaar)
 24382 | Bazaar   | Bought a condenser vane for 1240 gold pieces
 24392 | Bazaar   | Bought a scroll of acquirement for 988 gold pieces
 24394 | Bazaar   | Acquired a manual of Fighting
 24587 | D:13     | Reached XP level 15. HP: 149/149 MP: 14/14
 24759 | D:13     | Got a translucent scale mail
 24770 | D:13     | Identified the cursed +1 scale mail of Talaetzo {rN++ Int-4
                  | Slay+5} (You found it on level 13 of the Dungeon)
 24770 | D:13     | Lost intelligence.
 25097 | D:14     | Received a gift from Trog
 25323 | D:14     | Reached skill level 5 in Shields
 25377 | D:14     | Found a gate to the Vaults.
 25381 | D:14     | Reached skill level 19 in Fighting
 26455 | D:15     | Entered Level 15 of the Dungeon
 26467 | D:15     | Reached skill level 20 in Fighting
 26592 | D:15     | Noticed Azrael
 26597 | D:15     | Received a gift from Trog
 26619 | D:15     | Killed Azrael
 26739 | D:15     | Found a flickering gateway to a bazaar.
 26745 | Bazaar   | Entered a bazaar
 26807 | Bazaar   | Found Nobruebb's Gadget Emporium.
 26862 | Bazaar   | Found Giliuq Qyok's Assorted Antiques.
 26900 | Bazaar   | Found Xele Bof's Antique Armour Shoppe.
 26935 | Bazaar   | Found Istalerph's Armour Emporium.
 26957 | Bazaar   | Found Jurhueju's Armour Shoppe.
 27132 | D:15     | Reached ****** piety under Trog
 27513 | D:15     | Reached skill level 21 in Fighting
 27659 | D:15     | Found a staircase to the Depths.
 28067 | Shoals:1 | Entered Level 1 of the Shoals
 28067 | Shoals:1 | Found Riciyqe's Jewellery Shop.
 28134 | Shoals:1 | Bought the ring of Getos {+Blink rN+ Str+2} for 573 gold
                  | pieces
 28165 | Shoals:1 | Noticed a kraken
 28177 | Shoals:1 | Killed a kraken
 28183 | Shoals:1 | HP: 1/154 [merfolk/+0 trident (15)]
 28184 | Shoals:1 | Killed from afar by a water nymph

Illustrated notes

Levels and vault maps discovered:
D:1:      dpeg_arrival_tiny_e, layout_basic, st_stairs_8,
          chequers_serial_rivers_small_b
D:2:      layout_basic, kennysheep_slug_shrine
D:3:      layout_loops_ring, grunt_temple_overflow_order_and_chaos_1,
          elyvilon_altar_4, uniq_terence
D:4:      minmay_evil_eye, layout_basic, okawaru_ov_weapons_minmay,
          minmay_temple_entry_offerings, minmay_crystal_room,
          serial_bayou_pond_c
D:5:      kennysheep_big_flooded_room, layout_cave_pods,
          ebering_ghost_reflecting_pool, nicolae_ossuary_entry_plus,
          dk_noncrumbling_2, guppyfry_early_orc_mine
D:6:      wad_crossroads, layout_basic, grunt_temple_overflow_open,
          trog_ov_bears_minmay
D:7:      layout_rooms, hex_tiny
D:8:      layout_rooms, grunt_lair_entry_orc_guard_hut, amcnicky_mini_pool_small
D:9:      layout_loops_ring
D:10:     layout_rooms, uniq_psyche, uniq_snorg, uniq_urug
D:11:     layout_gridville, orc_0_dummy, gauntlet_entry_generic, basic_altar,
          portal_ice_cave_entry_pillars_2, statue_in_the_mist_lemuel
D:12:     layout_loops_ring, maelrawn_ghost_gauntlet_escape,
          minmay_misc_feat_rows, uniq_nergalle, uniq_rupert, uniq_nessos
D:13:     layout_big_octagon, serial_shops, freezing_bzr, grunt_ogre_cave
D:14:     layout_layer_cave, lightli_vaults_fourway_checkpoint,
          chequers_serial_rivers_room_b, drop_trap
D:15:     gammafunk_enter_depths_forms, layout_long_grid, serial_shops,
          bzr_entry_safe, minmay_misc_feat_diagonals,
          chequers_serial_rivers_small_b, uniq_azrael
Lair:1:   layout_regular_city, grunt_megastairs_3, infiniplex_staircase_pool,
          serial_bayou_shore_b, uniq_joseph
Lair:2:   layout_cave_pods, minmay_shoals_entry_hut,
          infiniplex_staircase_pool_2, grunt_megastairs_2
Lair:3:   layout_hall_layers, minmay_snake_entry_six_corridors,
          lemuel_fruit_fields
Lair:4:   layout_long_grid, minmay_lair_oklob_chamber
Lair:5:   layout_small_grid, nicolae_slime_entry_slimehenge, basic_altar,
          wad_woods_road_01
Lair:6:   gammafunk_lair_ancient_temple, layout_cave_shapes
Shoals:1: layout_shoals, serial_shops,
          nicolae_shop_temple_entry_statues_fountains, uniq_donald
Orc:1:    layout_diamond_mine, serial_shops, shop, elf_legates, uniq_gastronok
Orc:2:    grunt_orc_community_town_hall, layout_caves,
          grunt_orc_community_big_house_2, grunt_orc_community_big_house_1,
          grunt_orc_community_house_3, grunt_orc_community_house_3,
          grunt_orc_community_house_3, grunt_orc_community_house_2,
          grunt_orc_community_house_1, grunt_orc_community_house_3,
          serial_shops, nicolae_shop_stone

Skill      XL: |  1  2  3  4  5  6  7  8  9 10 11 12 13 14 15 |
---------------+----------------------------------------------+-----
Fighting       | 4 5 6 7 9 10 12 14 16 18 21 | 21.5
Long Blades    | 4 5 6 8 9 10 12 14 | 14.4
Dodging        | 3 4 5 6 7 8 9 10 11 | 11.0
Armour         | 3 4 6 8 10 11 12 14 15 | 15.1
Evocations     | 2 4 6 8 |  8.3
Shields        | 3 4 7 |  7.4

Action                   |  1- 3 |  4- 6 |  7- 9 | 10-12 | 13-15 || total
-------------------------+-------+-------+-------+-------+-------++-------
Melee: Falchion          |    69 |   104 |   337 |    11 |       ||   521
       Headbutt          |    12 |    22 |    85 |   182 |   277 ||   578
       Long sword        |       |       |       |   432 |     9 ||   441
       Scimitar          |       |       |       |   148 |   862 ||  1010
 Fire: Hand crossbow     |       |       |       |       |     3 ||     3
Invok: Trog's Hand       |       |     1 |     3 |     9 |     3 ||    16
       Berserk           |       |     1 |     3 |    10 |     4 ||    18
       Brothers in Arms  |       |       |       |       |     1 ||     1
Evoke: Wand              |       |       |       |     7 |     3 ||    10
       Condenser vane    |       |       |       |       |     2 ||     2
  Use: Scroll            |     1 |     8 |     7 |     5 |    26 ||    47
       Potion            |       |       |     1 |     1 |     6 ||     8
 Stab: Sleeping          |       |     2 |       |       |       ||     2
       Petrified         |       |       |       |       |     6 ||     6
       Petrifying        |       |       |       |       |     2 ||     2
Armor: Animal skin       |    28 |    18 |       |       |       ||    46
       Ring mail         |       |    17 |   151 |       |       ||   168
       Scale mail        |       |       |    14 |   144 |       ||   158
       Chain mail        |       |       |       |    57 |   323 ||   380
Dodge: Dodged            |    42 |    70 |   218 |   330 |   423 ||  1083
Block: Buckler           |       |       |       |    38 |   148 ||   186
       Rpst.: Falchion   |    13 |    19 |    53 |     1 |       ||    86
       Long sword        |       |       |       |    70 |       ||    70
       Scimitar          |       |       |       |    17 |    99 ||   116
